TOP OF THE 1ST |
Bismark Border Guards batting - Pitching for Menlo Maniacs : RHP Steve Standard
|
Pitching: RHP Steve Standard
|
|
Batting: RHB Tomás Carranza
|
0-0: Ball 1-0: Swinging Strike 1-1: Called Strike 1-2: Ball 2-2: Fly out, F8 (Line Drive, 8RM)
|
Batting: RHB Jeremy Carr
|
0-0: Ball 1-0: Called Strike 1-1: SINGLE (Groundball, 56)
|
Batting: SHB Nick Cox
|
Balk! Jeremy Carr to second 0-0: Ball 1-0: Ball 2-0: Ball 3-0: Called Strike 3-1: Base on Balls
|
Batting: LHB Rusty Herbert
|
0-0: Ball 1-0: Foul Ball, location: 2F 1-1: Ball 2-1: Swinging Strike 2-2: Foul Ball, location: 2F 2-2: Ball 3-2: Strikes out swinging
|
Batting: RHB Doug Williams
|
0-0: Called Strike 0-1: Foul Ball, location: 2F 0-2: Foul Ball, location: 2F 0-2: Foul Ball, location: 2F 0-2: Strikes out swinging
|
Top of the 1st over - 0 run(s), 1 hit(s), 0 error(s), 2 left on base; Bismark 0 - Menlo 0 |
BOTTOM OF THE 1ST |
Menlo Maniacs batting - Pitching for Bismark Border Guards : RHP Esteban Corona
|
Pitching: RHP Esteban Corona
|
|
Batting: RHB Robert Downing
|
0-0: Ball 1-0: Called Strike 1-1: Ball 2-1: SINGLE (Groundball, 15) (infield hit)
|
Batting: LHB Jeff Tucker
|
0-0: Ball 1-0: Called Strike Robert Downing steals 2nd base 1-1: Ball 2-1: Called Strike Throwing error on steal attempt, E2 Robert Downing scores 2-2: Ball 3-2: Base on Balls
|
Batting: LHB Arthur Hall
|
0-0: Swinging Strike 0-1: Foul Ball, location: 2F 0-2: Strikes out swinging
|
Batting: LHB Marcos Pérez
|
0-0: Ball 1-0: Called Strike 1-1: Foul Ball, location: 2F 1-2: Ball 2-2: Strikes out swinging
|
Batting: RHB Júlio Trinidad
|
0-0: Called Strike 0-1: Foul Ball, location: 2F 0-2: Fielders Choice at 2nd, 6-4 (Groundball, 6)
|
Bottom of the 1st over - 1 run(s), 1 hit(s), 1 error(s), 0 left on base; Bismark 0 - Menlo 1 |
TOP OF THE 2ND |
Bismark Border Guards batting - Pitching for Menlo Maniacs : RHP Steve Standard
|
Batting: RHB Enrico Rodríguez
|
0-0: Called Strike 0-1: Swinging Strike 0-2: Strikes out looking
|
Batting: SHB Vicente Pagán
|
0-0: Ball 1-0: Ball 2-0: Called Strike 2-1: SINGLE (Line Drive, 4MD)
|
Batting: LHB Norbert Mosley
|
0-0: Ball 1-0: Ball 2-0: Called Strike 2-1: Called Strike 2-2: SINGLE (Line Drive, 78S) Vicente Pagán to second
|
Batting: RHB Reynaldo Slomp
|
0-0: Ball 1-0: Fly out, F8 (Flyball, 8LM)
|
Batting: RHB Tomás Carranza
|
0-0: Called Strike 0-1: Ball Wild Pitch! Vicente Pagán to third Norbert Mosley to second 1-1: Ball 2-1: SINGLE (Groundball, 56) Vicente Pagán scores Norbert Mosley to third Runner from 3rd tries for Home, SAFE, no throw or cutoff
|
Batting: RHB Jeremy Carr
|
0-0: Called Strike Tomás Carranza steals 2nd base 0-1: 2-RUN HOME RUN (Flyball, 7D), Distance : 374 ft
|
Batting: SHB Nick Cox
|
0-0: Ball 1-0: Foul Ball, location: 2F 1-1: Ball 2-1: Fly out, F7 (Flyball, 7LM)
|
Top of the 2nd over - 4 run(s), 4 hit(s), 0 error(s), 0 left on base; Bismark 4 - Menlo 1 |
BOTTOM OF THE 2ND |
Menlo Maniacs batting - Pitching for Bismark Border Guards : RHP Esteban Corona
|
Batting: LHB Marcos Vázquez
|
0-0: Called Strike 0-1: Ball 1-1: Called Strike 1-2: Ground out 4-3 (Groundball, 4)
|
Batting: RHB David Strickland
|
0-0: Called Strike 0-1: Ball 1-1: Called Strike 1-2: Strikes out swinging
|
Batting: LHB Keith Green
|
0-0: Ball 1-0: Ball 2-0: Foul Ball, location: 2F 2-1: Called Strike 2-2: Fly out, F9 (Line Drive, 9S)
|
Bottom of the 2nd over - 0 run(s), 0 hit(s), 0 error(s), 0 left on base; Bismark 4 - Menlo 1 |
TOP OF THE 3RD |
Bismark Border Guards batting - Pitching for Menlo Maniacs : RHP Steve Standard
|
Batting: LHB Rusty Herbert
|
0-0: Ball 1-0: Reached on error, E4 (Groundball, 4)
|
Batting: RHB Doug Williams
|
0-0: Ball 1-0: Ball 2-0: Foul Ball, location: 2F 2-1: Ball 3-1: Swinging Strike 3-2: Foul Ball, location: 2F 3-2: Base on Balls Rusty Herbert to second
|
Batting: RHB Enrico Rodríguez
|
0-0: Ball 1-0: Ball Wild Pitch! Rusty Herbert to third Doug Williams to second 2-0: Called Strike 2-1: Foul Ball, location: 2F 2-2: Fly out, F4 (Popup, 3)
|
Batting: SHB Vicente Pagán
|
0-0: Ground out 6-3 (Groundball, 6) Rusty Herbert scores Doug Williams to third
|
Batting: LHB Norbert Mosley
|
0-0: Called Strike 0-1: Foul Ball, location: 2F 0-2: Foul Ball, location: 2F 0-2: Strikes out swinging
|
Top of the 3rd over - 1 run(s), 0 hit(s), 1 error(s), 1 left on base; Bismark 5 - Menlo 1 |
BOTTOM OF THE 3RD |
Menlo Maniacs batting - Pitching for Bismark Border Guards : RHP Esteban Corona
|
Batting: RHB Gilberto León
|
0-0: Ball 1-0: Ball 2-0: Ball 3-0: Called Strike 3-1: Ground out 6-3 (Groundball, 6)
|
Batting: RHB Robert Downing
|
0-0: Called Strike 0-1: SOLO HOME RUN (Flyball, 7D), Distance : 379 ft
|
Batting: LHB Jeff Tucker
|
0-0: SOLO HOME RUN (Flyball, 8LXD), Distance : 429 ft
|
Batting: LHB Arthur Hall
|
0-0: Called Strike 0-1: Fly out, F8 (Flyball, 8LXD)
|
Batting: LHB Marcos Pérez
|
0-0: Called Strike 0-1: Foul Ball, location: 2F 0-2: DOUBLE (Flyball, 78D)
|
Batting: RHB Júlio Trinidad
|
0-0: Fly out, F4 (Popup, 4MD)
|
Bottom of the 3rd over - 2 run(s), 3 hit(s), 0 error(s), 1 left on base; Bismark 5 - Menlo 3 |
TOP OF THE 4TH |
Bismark Border Guards batting - Pitching for Menlo Maniacs : RHP Steve Standard
|
Batting: RHB Reynaldo Slomp
|
0-0: Ball 1-0: Swinging Strike 1-1: Ball 2-1: Ball 3-1: Base on Balls
|
Batting: RHB Tomás Carranza
|
0-0: Ball 1-0: Swinging Strike 1-1: Ball 2-1: SINGLE (Line Drive, 34D) Reynaldo Slomp to second Runner from 2nd tries for 3rd, SAFE, throw made to third
|
Batting: RHB Jeremy Carr
|
0-0: Called Strike 0-1: Called Strike Tomás Carranza is caught stealing 2nd base 0-2: Ball 1-2: Ball 2-2: Fly out, F8 (Flyball, 8LD) Runner from 3rd tags up, SCORES, throw made
|
Batting: SHB Nick Cox
|
0-0: Foul Ball, location: 2F 0-1: Fly out, F8 (Flyball, 8LD)
|
Top of the 4th over - 1 run(s), 1 hit(s), 0 error(s), 0 left on base; Bismark 6 - Menlo 3 |
BOTTOM OF THE 4TH |
Menlo Maniacs batting - Pitching for Bismark Border Guards : RHP Esteban Corona
|
Batting: LHB Marcos Vázquez
|
0-0: Ball 1-0: Ball 2-0: Swinging Strike 2-1: Ground out U3 (Groundball, 3L)
|
Batting: RHB David Strickland
|
0-0: Called Strike 0-1: Swinging Strike 0-2: Ball 1-2: Ground out 5-3 (Groundball, 5)
|
Batting: LHB Keith Green
|
0-0: Ball 1-0: SINGLE (Line Drive, 34)
|
Batting: RHB Gilberto León
|
0-0: Ball 1-0: Fly out, F4 (Line Drive, 4)
|
Bottom of the 4th over - 0 run(s), 1 hit(s), 0 error(s), 1 left on base; Bismark 6 - Menlo 3 |
TOP OF THE 5TH |
Bismark Border Guards batting - Pitching for Menlo Maniacs : RHP Steve Standard
|
Batting: LHB Rusty Herbert
|
0-0: SINGLE (Groundball, 3L)
|
Batting: RHB Doug Williams
|
0-0: Ball 1-0: Foul Ball, location: 2F 1-1: Fly out, F4 (Line Drive, 4)
|
Batting: RHB Enrico Rodríguez
|
0-0: Called Strike 0-1: Ball 1-1: Called Strike 1-2: Strikes out swinging
|
Batting: SHB Vicente Pagán
|
0-0: Ball 1-0: SINGLE (Groundball, 34D) Rusty Herbert to second Runner from 2nd tries for 3rd, SAFE, throw made to third Vicente Pagán to second
|
Batting: LHB Norbert Mosley
|
0-0: Called Strike 0-1: Fly out, F5 (Popup, 5L)
|
Top of the 5th over - 0 run(s), 2 hit(s), 0 error(s), 2 left on base; Bismark 6 - Menlo 3 |
BOTTOM OF THE 5TH |
Menlo Maniacs batting - Pitching for Bismark Border Guards : RHP Esteban Corona
|
Batting: RHB Robert Downing
|
0-0: Called Strike 0-1: Foul Ball, location: 2F 0-2: Strikes out swinging
|
Batting: LHB Jeff Tucker
|
0-0: Called Strike 0-1: Foul Ball, location: 2F 0-2: Ground out 5-3 (Groundball, 5L)
|
Batting: LHB Arthur Hall
|
0-0: Foul Ball, location: 2F 0-1: Ground out 5-3 (Groundball, 5D)
|
Bottom of the 5th over - 0 run(s), 0 hit(s), 0 error(s), 0 left on base; Bismark 6 - Menlo 3 |
TOP OF THE 6TH |
Bismark Border Guards batting - Pitching for Menlo Maniacs : RHP Steve Standard
|
Pitching: RHP Domingo Franco
|
|
Batting: RHB Reynaldo Slomp
|
0-0: Ground out 4-3 (Groundball, 4M)
|
Batting: RHB Tomás Carranza
|
0-0: Fly out, F8 (Line Drive, 89D)
|
Batting: RHB Jeremy Carr
|
0-0: Ball 1-0: Called Strike 1-1: Called Strike 1-2: Ball 2-2: Fly out, F6 (Line Drive, 6)
|
Top of the 6th over - 0 run(s), 0 hit(s), 0 error(s), 0 left on base; Bismark 6 - Menlo 3 |
BOTTOM OF THE 6TH |
Menlo Maniacs batting - Pitching for Bismark Border Guards : RHP Esteban Corona
|
Batting: LHB Marcos Pérez
|
0-0: Ball 1-0: Called Strike 1-1: Called Strike 1-2: Ball 2-2: Strikes out looking
|
Batting: RHB Júlio Trinidad
|
0-0: Fly out, F9 (Flyball, 89D)
|
Batting: LHB Marcos Vázquez
|
0-0: Ball 1-0: Ball 2-0: Ball 3-0: Ground out 5-3 (Groundball, 56)
|
Bottom of the 6th over - 0 run(s), 0 hit(s), 0 error(s), 0 left on base; Bismark 6 - Menlo 3 |
TOP OF THE 7TH |
Bismark Border Guards batting - Pitching for Menlo Maniacs : RHP Domingo Franco
|
Batting: SHB Nick Cox
|
0-0: Called Strike 0-1: Foul Ball, location: 2F 0-2: Ball 1-2: Fly out, F9 (Flyball, 89XD)
|
Batting: LHB Rusty Herbert
|
0-0: Ball 1-0: SINGLE (Line Drive, 4D)
|
Batting: RHB Doug Williams
|
0-0: Ball 1-0: Grounds into double play, 5-4-3 (Groundball, 5)
|
Top of the 7th over - 0 run(s), 1 hit(s), 0 error(s), 0 left on base; Bismark 6 - Menlo 3 |
BOTTOM OF THE 7TH |
Menlo Maniacs batting - Pitching for Bismark Border Guards : RHP Esteban Corona
|
Now at C: Alejandro Ramos
|
|
Batting: RHB David Strickland
|
0-0: Ball 1-0: Ball 2-0: DOUBLE (Line Drive, 7LM)
|
Batting: LHB Keith Green
|
0-0: Ground out 3-1 (Groundball, 34S) David Strickland to third
|
Batting: RHB Gilberto León
|
0-0: Ground out 6-3 (Groundball, 6) David Strickland scores
|
Batting: RHB Robert Downing
|
0-0: Called Strike 0-1: Ball 1-1: Foul Ball, location: 2F 1-2: Ball 2-2: Fly out, F3 (Popup, 3F)
|
Bottom of the 7th over - 1 run(s), 1 hit(s), 0 error(s), 0 left on base; Bismark 6 - Menlo 4 |
TOP OF THE 8TH |
Bismark Border Guards batting - Pitching for Menlo Maniacs : RHP Domingo Franco
|
Pitching: RHP Steve Poe
|
|
Batting: RHB Enrico Rodríguez
|
0-0: Called Strike 0-1: Ball 1-1: Called Strike 1-2: Foul Ball, location: 2F 1-2: Foul Ball, location: 2F 1-2: Ball 2-2: Ball 3-2: Strikes out swinging
|
Batting: SHB Vicente Pagán
|
0-0: Called Strike 0-1: Ball 1-1: Swinging Strike 1-2: Foul Ball, location: 2F 1-2: Ball 2-2: Ball 3-2: Strikes out swinging, 2-3 out at first.
|
Batting: LHB Norbert Mosley
|
0-0: Ball 1-0: Swinging Strike 1-1: Called Strike 1-2: Ball 2-2: Strikes out swinging
|
Top of the 8th over - 0 run(s), 0 hit(s), 0 error(s), 0 left on base; Bismark 6 - Menlo 4 |
BOTTOM OF THE 8TH |
Menlo Maniacs batting - Pitching for Bismark Border Guards : RHP Esteban Corona
|
Pitching: RHP Ben Cobb
|
|
Batting: LHB Jeff Tucker
|
0-0: Foul Ball, location: 2F 0-1: Foul Ball, location: 2F 0-2: Ball 1-2: Foul Ball, location: 2F 1-2: Foul Ball, location: 2F 1-2: Ball 2-2: Ground out 6-3 (Groundball, 6M)
|
Batting: LHB Arthur Hall
|
0-0: Called Strike 0-1: Ball 1-1: Foul Ball, location: 2F 1-2: Fly out, F8 (Flyball, 8LM)
|
Batting: LHB Marcos Pérez
|
0-0: Ball 1-0: Ball 2-0: Foul Ball, location: 2F 2-1: Swinging Strike 2-2: Strikes out swinging
|
Bottom of the 8th over - 0 run(s), 0 hit(s), 0 error(s), 0 left on base; Bismark 6 - Menlo 4 |
TOP OF THE 9TH |
Bismark Border Guards batting - Pitching for Menlo Maniacs : RHP Steve Poe
|
Batting: RHB Reynaldo Slomp
|
0-0: Swinging Strike 0-1: SINGLE (Flyball, 7S)
|
Batting: RHB Tomás Carranza
|
0-0: Called Strike 0-1: Foul Ball, location: 2F 0-2: Foul Ball, location: 2F 0-2: Strikes out swinging
|
Batting: RHB Jeremy Carr
|
0-0: Ball 1-0: Foul Ball, location: 2F 1-1: Ball 2-1: Ball 3-1: Base on Balls Reynaldo Slomp to second
|
Pinch Hitting: LHB Héctor Rentería
|
0-0: Foul Ball, location: 2F 0-1: Ball 1-1: Ball 2-1: Foul Ball, location: 2F 2-2: 3-RUN HOME RUN (Flyball, 89XD), Distance : 413 ft
|
Pitching: LHP José Acosta
|
|
Batting: LHB Rusty Herbert
|
0-0: Called Strike 0-1: Foul Ball, location: 2F 0-2: Ball 1-2: Strikes out swinging
|
Batting: RHB Doug Williams
|
0-0: Ball 1-0: Foul Ball, location: 2F 1-1: Foul Ball, location: 2F 1-2: Ball 2-2: Fly out, F9 (Flyball, 89XD)
|
Top of the 9th over - 3 run(s), 2 hit(s), 0 error(s), 0 left on base; Bismark 9 - Menlo 4 |
BOTTOM OF THE 9TH |
Menlo Maniacs batting - Pitching for Bismark Border Guards : RHP Ben Cobb
|
Now at C: Trent Rasmussen
|
|
Batting: RHB Júlio Trinidad
|
0-0: Ball 1-0: Ball 2-0: Called Strike 2-1: Ground out U3 (Groundball, 3)
|
Batting: LHB Marcos Vázquez
|
0-0: Called Strike 0-1: Swinging Strike 0-2: Ball 1-2: Strikes out swinging
|
Batting: RHB David Strickland
|
0-0: Called Strike 0-1: Swinging Strike 0-2: Fly out, F9 (Flyball, 89S)
|
Bottom of the 9th over - 0 run(s), 0 hit(s), 0 error(s), 0 left on base; Bismark 9 - Menlo 4 |
|